 Dungeon Crawl Stone Soup version 0.30-a0-879-ga8ba668304 (webtiles) character file.

Game seed: 15821602462355023936

130 Popcorn the Cudgeller (level 4, -3/34 HPs)
             Began as a Demonspawn Gladiator on Mar 12, 2023.
             Killed by divine providence
             ... invoked by an orc priest
              (12 damage)
             ... on level 3 of the Dungeon.
             The game lasted 00:05:43 (1965 turns).

Popcorn the Cudgeller (Demonspawn Gladiator)        Turns: 1965, Time: 00:05:44

Health: -3/34      AC:  4    Str: 22    XL:     4   Next: 89%
Magic:  4/4        EV: 12    Int: 14    God:
Gold:   90         SH:  0    Dex: 14    Spells: 3/3 levels left

rFire   . . .      SeeInvis .    a - +1 flail
rCold   . . .      Faith    .    (no shield)
rNeg    . . .      Spirit   .    b - +0 leather armour
rPois   .          Reflect  .    c - +0 helmet
rElec   .          Rampage  .    (no cloak)
rCorr   .                        (no gloves)
Will    .....                    (no boots)
Stlth   +                        (no amulet)
HPRegen 0.25/turn                f - +6 ring of strength
MPRegen 0.09/turn                (no ring)

@: no status effects
A: big brain 2
a: no special abilities


You were on level 3 of the Dungeon.
You visited 1 branch of the dungeon, and saw 3 of its levels.

You collected 90 gold pieces.

Inventory:

Hand Weapons
 a - a +1 flail (weapon)
Missiles
 d - 3 throwing nets (quivered)
 e - a javelin
 l - 4 silver javelins
Armour
 b - a +0 leather armour (worn)
 c - a +0 helmet (worn)
Jewellery
 f - a +6 ring of strength (left hand)
Scrolls
 j - a scroll of fog
Potions
 g - a potion of invisibility
 h - 4 potions of might
 i - a potion of berserk rage {unknown}
 k - a potion of curing
 m - 2 potions of cancellation


   Skills:
 + Level 2.8 Fighting
 * Level 3.9 Maces & Flails
 * Level 2.4 Throwing
 + Level 1.6 Armour
 - Level 2.6 Dodging


You had 3 spell levels left.
You didn't know any spells.
Your spell library was empty.

Dungeon Overview and Level Annotations

Branches:
Dungeon (3/15)

Altars:


Innate Abilities, Weirdness & Mutations

You have an extremely huge brain. (Int +4)


Message History

You kill the orc!
You see here a +3 dagger of flaming.
You start resting.
HP restored.
A rat comes into view.
An orc comes into view. It is wielding a +0 war axe.
The orc shouts!
An orc priest comes into view.
It is wielding a +0 short sword of speed.
The orc shouts!
You sock the orc priest!
The orc priest is severely wounded.
The orc hits you with a +0 war axe!
The orc priest hits you but does no damage.
You hit the orc priest.
The orc priest is severely wounded.
The orc priest misses you. The orc hits you with a +0 war axe.
The orc priest hits you but does no damage.
You barely miss the orc priest.
The orc priest is severely wounded.
The orc barely misses you.
The orc priest hits you with a +0 short sword of speed.
The orc priest completely misses you.
You hit the orc priest.
The orc priest is almost dead.
The orc hits you with a +0 war axe!
The orc priest hits you but does no damage.
You barely miss the orc priest.
The orc priest is almost dead.
The orc closely misses you. The orc priest barely misses you.
The orc priest hits you but does no damage.
The orc barely misses you. The orc attacks as you move away!
The orc hits you with a +0 war axe!
* * * LOW HITPOINT WARNING * * *
The orc priest attacks as you move away!
The orc priest closely misses you.
The orc priest calls down the wrath of Beogh upon you.
You barely resist.
The orc priest mumbles some strange prayers to Beogh against you.
Beogh smites you!
You die...

#######.###..#.#..#
#........†..##.##.#
#.......##..#...#.##
#..#######...###...####
...# #..#...#....)#
#..# #..##.##.###)#
#.†# #...#.#..# #.#
#..### ##..###..# #.#
#....# ##....@## #.#
.....# #.#r#.# #.#
...#.#######...o.# #.#
.............#.### #.#
....†..<....oo.# #.#
.....#######.### #.#
####.# #. #.# #.# #.
#.# #.# .. #.#


You could see an orc priest, an orc and a rat.

Vanquished Creatures
  An orc priest (D:3)
  5 adders
  3 dart slugs
  An orc (D:3)
  2 bats (D:1)
  6 endoplasms
  4 giant cockroaches
  3 goblins (D:1)
  4 hobgoblins
  4 jackals (D:2)
  3 quokkas
  4 ball pythons
  A frilled lizard (D:1)
  A kobold (D:1)
  3 rats
45 creatures vanquished.

Notes
Turn   | Place    | Note
-------+----------+-------------------------------------------
     0 | D:1      | Popcorn the Demonspawn Gladiator began the quest for the
                  | Orb.
     0 | D:1      | Reached XP level 1. HP: 16/16 MP: 1/1
    96 | D:1      | Reached skill level 3 in Maces & Flails
    96 | D:1      | Gained mutation: You have an unusually large brain. (Int
                  | +2) [demonic ancestry]
    96 | D:1      | Reached XP level 2. HP: 12/22 MP: 2/2
   559 | D:1      | Reached skill level 1 in Armour
   590 | D:1      | Gained mutation: You have an extremely huge brain. (Int +4)
                  | [demonic ancestry]
   590 | D:1      | Reached XP level 3. HP: 28/28 MP: 3/3
  1706 | D:3      | Reached XP level 4. HP: 34/34 MP: 4/4
  1965 | D:3      | Killed from afar by an orc priest

Illustrated notes

Levels and vault maps discovered:
D:1:      lemuel_arrival_rhombus, layout_loops_ring, minmay_tromino_v4_b
D:2:      layout_basic
D:3:      layout_loops_ring, mainiacjoe_overflow_small_starburst,
          minmay_ruptured

Skill      XL: |  1  2  3 |
---------------+----------+-----
Maces & Flails | 3 |  3.9
Armour         | 1 |  1.6
Throwing       | 2 |  2.4
Fighting       | |  2.8
Dodging        | |  2.6

Action                     |  1- 3 |  4- 6 || total
---------------------------+-------+-------++-------
  Melee: Flail             |   122 |    26 ||   148
    Use: Scroll            |    11 |       ||    11
   Stab: Sleeping          |     1 |       ||     1
 Armour: Leather armour    |    44 |    13 ||    57
  Dodge: Dodged            |    88 |    20 ||   108

Table legend: (Time is in decaauts)
 A = Elapsed time spent in this place.
 B = Non-inter-level travel time spent in this place.
 C = Inter-level travel time spent in this place.
 D = Time resting spent in this place.
 E = Time spent auto-exploring this place.
 F = Levels seen in this place.
 G = Mean time per level.
                   A        B        C        D        E       F      G
               +--------+--------+--------+--------+--------+-----+--------+
         Total |   1997 |   1917 |     80 |    469 |    989 |   3 |  665.7 |
       Dungeon |   1997 |   1917 |     80 |    469 |    989 |   3 |  665.7 |
               +--------+--------+--------+--------+--------+-----+--------+

Top non-repeatable levels by time:
     D:1: 920 daAuts
     D:2: 764 daAuts
     D:3: 312 daAuts
